 Dungeon Crawl Stone Soup version 0.24.0-13-gcf9b319 (webtiles) character file.

Game seed: 16014183790553188202, levelgen mode: deterministic

44 Fortress the Vexing (level 3, 0/33 HPs)
             Began as an Ogre Arcane Marksman on Jan 13, 2020.
             Slain by Sigmund
             ... wielding a +0 scythe
              (3 damage)
             ... on level 2 of the Dungeon.
             The game lasted 00:04:32 (874 turns).

Fortress the Vexing (Ogre Arcane Marksman)           Turns: 874, Time: 00:04:33

Health: 0/33       AC:  3    Str: 15    XL:     3   Next: 60%
Magic:  5/5        EV: 10    Int: 14    God:
Gold:   73         SH:  0    Dex:  9    Spells: 4/5 levels left

rFire    . . .     SeeInvis .   d - +0 dagger (venom)
rCold    . . .     Gourm    .   (no shield)
rNeg     . . .     Faith    .   a - +0 robe
rPois    .         Spirit   .   (helmet restricted)
rElec    .         Reflect  .   (no cloak)
rCorr    .         Harm     .   (gloves unavailable)
MR       .....                  (boots unavailable)
Stlth    +.........             (no amulet)
HPRegen  0.11/turn              (no ring)
MPRegen  0.09/turn              (no ring)

@: confused
A: large, unfitting armour, tough skin 1
a: no special abilities


You were on level 2 of the Dungeon.
You were not hungry.

You visited 1 branch of the dungeon, and saw 2 of its levels.

You collected 73 gold pieces.

Inventory:

Hand Weapons
 d - a +0 dagger of venom (weapon)
Armour
 a - a +0 robe (worn)
Scrolls
 g - a scroll of teleportation {unknown}
 h - 2 scrolls of identify {unknown}
Potions
 e - 2 potions of invisibility {unknown}
 i - a potion of mutation {unknown}
Comestibles
 f - 3 rations


   Skills:
 + Level 1.5 Fighting
 + Level 0.2 Short Blades
 + Level 2.6 Throwing
 - Level 2.0 Dodging
 + Level 1.5 Spellcasting
 + Level 3.4 Hexes


You had 4 spell levels left.
You knew the following spells:

 Your Spells              Type           Power        Failure   Level  Hunger
a - Corona                Hex            ##.....      6%          1    ##.....

Your spell library contained the following spells:

 Spells                   Type           Power        Failure   Level  Hunger
 Slow                     Hex            ##......     10%         2    ###....
 Inner Flame              Hex/Fire       #.......     36%         3    ####...
 Portal Projectile        Hex/Tloc       #.....       36%         3    ####...
 Cause Fear               Hex            ##........   52%         4    #####..
 Leda's Liquefaction      Hex/Erth       #.........   77%         4    #####..


Dungeon Overview and Level Annotations

Branches:
Dungeon (2/15)

Altars:

Annotations:
D:2 Sigmund


Innate Abilities, Weirdness & Mutations

You are too large for most types of armour.
You have tough skin. (AC +1)


Message History

You are too injured to fight recklessly!
You barely miss the worm.
The worm is almost dead.
You hear a zap.
You hear a grinding noise.
You hit the worm but do no damage.
The worm looks as sick as possible!
The worm is almost dead.
The worm closely misses you.
You barely miss the worm.
The worm is almost dead.
You hit the worm.
You kill the worm!
You hear some strange, mumbled words.
You are confused.
Things that are here:
a large rock; an adder corpse You bump into the rock wall.
Something hits you!
* * * LOW HITPOINT WARNING * * *
You bump into the rock wall.
Something hits you.
You die...

## ######## .
#........#
####.#...#
####.....#
#@.....####
#(#.......##
#....?..........#
#........#......#
#.##...#.######.#
# #...#.##.###.#
.(..#.##.....#
####.#.##.#####
#.#.##.#


There were no monsters in sight!

Vanquished Creatures
  An adder (D:2)
  A worm (D:2)
  A dart slug (D:1)
  A leopard gecko (D:1)
  A goblin (D:1)
  4 hobgoblins
  8 jackals (D:1)
  2 kobolds (D:1)
  A frilled lizard (D:1)
  7 rats (D:1)
27 creatures vanquished.

Notes
Turn   | Place    | Note
-------+----------+-------------------------------------------
     0 | D:1      | Fortress the Ogre Arcane Marksman began the quest for the
                  | Orb.
     0 | D:1      | Reached XP level 1. HP: 19/19 MP: 2/2
   160 | D:1      | Reached XP level 2. HP: 27/27 MP: 4/4
   184 | D:1      | Reached skill level 3 in Hexes
   401 | D:1      | Reached XP level 3. HP: 33/33 MP: 5/5
   859 | D:2      | Noticed Sigmund
   874 | D:2      | Slain by Sigmund

Levels and vault maps discovered:
D:1:      onia_arrival_mini_spirals, layout_basic, serial_bayou_pond_c
D:2:      layout_basic, elyvilon_altar_4, uniq_robin, uniq_sigmund

Skill      XL: |  1  2 |
---------------+-------+-----
Dodging        | 2 |  2.0
Hexes          | 3 |  3.4
Fighting       | |  1.5
Short Blades   | |  0.2
Throwing       | |  2.6
Spellcasting   | |  1.5

Action                   || total
-------------------------++-------
Melee: Unarmed           ||     5
       Short sword       ||    24
       Dagger            ||    10
Throw: Large rock        ||    29
       Throwing net      ||     4
 Cast: Corona            ||     2
 Stab: Held in net/web   ||     1
Armor: Robe              ||     6
Dodge: Dodged            ||    22
